 Dungeon Crawl Stone Soup version 0.23.2-33-g5129a83184 (webtiles) character file.

Game seed: 17195333570551057156

402 Bergy the Cudgeler (level 6, -6/37 HPs)
             Began as a Gargoyle Fighter on July 2, 2019.
             Killed by divine providence
             ... invoked by an orc priest
              (13 damage)
             ... on level 4 of the Dungeon.
             The game lasted 00:12:13 (3852 turns).

Bergy the Cudgeler (Gargoyle Fighter)               Turns: 3852, Time: 00:12:14

Health: -6/37      AC: 15    Str: 22    XL:     6   Next: 85%
Magic:  6/6        EV:  4    Int:  8    God:
Gold:   124        SH: 10    Dex:  9    Spells: 5/5 levels left

rFire    . . .     SeeInvis .   l - +0 club (chaos)
rCold    . . .     Gourm    .   c - +0 shield
rNeg     + . .     Faith    .   m - +0 plate armour
rPois    ∞         Spirit   .   (no helmet)
rElec    +         Reflect  .   (no cloak)
rCorr    .         Harm     .   (no gloves)
MR       .....                  (no boots)
Stlth    ..........             (no amulet)
HPRegen  0.12/turn              (no ring)
MPRegen  0.10/turn              (no ring)

@: no status effects
A: negative energy resistance 1, electricity resistance, unbreathing,
petrification resistance, rot immunity, AC +4
a: no special abilities


You were on level 4 of the Dungeon.
You were not hungry.

You visited 1 branch of the dungeon, and saw 4 of its levels.

You collected 124 gold pieces.

Inventory:

Hand Weapons
 a - a +0 flail
 l - a +0 club of chaos (weapon)
Armour
 c - a +0 shield (worn)
 h - the cursed +1 leather armour "Kon Icio" {rElec rPois Dex+3, unknown}
   (You found it on level 4 of the Dungeon)

   It affects your dexterity (+3).
   It insulates you from electricity.
   It protects you from poison.
   It has a curse placed upon it.
 m - a +0 plate armour (worn)
Jewellery
 e - an uncursed ring of protection from magic {unknown}
Scrolls
 g - a scroll of noise {unknown}
 j - 2 scrolls of identify {unknown}
 n - 2 scrolls of teleportation {unknown}
 o - a scroll of fear {unknown}
 p - 3 scrolls of remove curse
Potions
 d - a potion of curing
 i - 2 potions of resistance {unknown}
 k - a potion of invisibility {unknown}
 q - 2 potions of haste {unknown}
 r - a potion of berserk rage {unknown}
Comestibles
 b - 2 chunks of flesh
 f - 12 rations


   Skills:
 + Level 3.3 Fighting
 * Level 6.0 Maces & Flails
 - Level 3.2 Armour
 + Level 5.1 Shields


You had 5 spell levels left.
You didn't know any spells.
Your spell library was empty.

Dungeon Overview and Level Annotations

Branches:
Dungeon (4/15)             Temple (0/1) D:4

Altars:
Ashenzari
Fedhas
Ru
Sif Muna
Xom


Innate Abilities, Weirdness & Mutations

You are resistant to torment.
Your stone body is resilient. (AC +4)
You are immune to poison.
You resist negative energy. (rN+)
You are resistant to electric shocks. (rElec)
You can survive without breathing.
You are immune to petrification.
You are immune to rotting.


Message History

The orc priest hits you but does no damage.
You closely miss the orc priest.
The orc priest is severely wounded.
The orc priest hits you.
* * * LOW HITPOINT WARNING * * *
The orc hits you but does no damage.
You closely miss the orc priest.
The orc priest is severely wounded.
The orc priest hits you.
* * * LOW HITPOINT WARNING * * *
The orc priest calls down the wrath of Beogh upon you.
Pain shoots through your body!
* * * LOW HITPOINT WARNING * * *
The orc hits you but does no damage.
You feel better. The orc priest hits you.
* * * LOW HITPOINT WARNING * * *
You block the orc's attack.
The orc priest invokes the aid of Beogh against you.
Beogh smites you!
You die...

#......#.##.##.###........#
#......#.........+........#.#.
###..............###...>o.......
.........####.##.##.........#.#.
..............##.##.....##..#
#.##.....#.##.#####....## ..#
#.##.....#.##.# #....# ..o
#.###..#.# ##.#####....## .##.
#.# #..#.# #..o@o......# # .
#'###....# #.#####.?....#
.(..#..#.# # #......# ....#..#.#
#......# .......#.. .......#
............ ........#
.....##.#... .....#..# ..##.#
.##.## ....#.. ..##.# .# .#


You could see an orc priest and an orc.

Vanquished Creatures
  4 orc wizards
  Natasha (thrice) (D:2)
  3 gnolls (D:3)
  7 adders
  An ooze (D:2)
  4 worms
  3 dart slugs
  5 leopard geckos
  9 orcs
  8 giant cockroaches
  10 goblins
  5 hobgoblins
  2 jackals (D:3)
  3 quokkas
  6 bats
  5 frilled lizards
  8 kobolds
  11 rats
97 creatures vanquished.

Notes
Turn   | Place    | Note
-------+----------+-------------------------------------------
     0 | D:1      | Bergy the Gargoyle Fighter began the quest for the Orb.
     0 | D:1      | Reached XP level 1. HP: 14/14 MP: 1/1
    44 | D:1      | Reached XP level 2. HP: 9/19 MP: 2/2
   605 | D:1      | Reached XP level 3. HP: 23/23 MP: 3/3
   827 | D:1      | Reached skill level 3 in Maces & Flails
   944 | D:2      | Noticed Natasha
   955 | D:2      | Killed Natasha
   955 | D:2      | Reached XP level 4. HP: 11/28 MP: 4/4
  1138 | D:2      | Noticed Natasha
  1161 | D:2      | Killed Natasha
  1182 | D:2      | Reached skill level 4 in Maces & Flails
  1404 | D:2      | Noticed Natasha
  1424 | D:2      | Reached XP level 5. HP: 12/32 MP: 5/5
  1432 | D:2      | HP: 1/48 [goblin (3)]
  1439 | D:2      | Killed Natasha
  1922 | D:2      | Found a sacrificial altar of Ru.
  2388 | D:3      | Reached skill level 5 in Maces & Flails
  2441 | D:3      | Reached XP level 6. HP: 37/37 MP: 6/6
  2581 | D:3      | Found a deep blue altar of Sif Muna.
  2612 | D:3      | Found a blossoming altar of Fedhas.
  2708 | D:3      | Found a shattered altar of Ashenzari.
  3255 | D:3      | Reached skill level 5 in Shields
  3459 | D:3      | Found a shimmering altar of Xom.
  3770 | D:4      | Got an ancient leather armour
  3806 | D:4      | Found a staircase to the Ecumenical Temple.
  3839 | D:4      | Reached skill level 6 in Maces & Flails
  3852 | D:4      | Killed from afar by an orc priest

Skill      XL: |  1  2  3  4  5  6 |
---------------+-------------------+-----
Maces & Flails | 3 4 5 6 |  6.0
Shields        | 4 5 |  5.1
Fighting       | |  3.3
Armour         | |  3.2

Action                   |  1- 3 |  4- 6 || total
-------------------------+-------+-------++-------
Melee: Flail             |    40 |       ||    40
       Whip              |    77 |   362 ||   439
       Club              |       |    57 ||    57
  Use: Potion            |       |     4 ||     4
       Scroll            |       |     1 ||     1
 Stab: Invisible         |       |     4 ||     4
       Confused          |       |     1 ||     1
  Eat: Chunk             |       |    10 ||    10
Armor: Scale mail        |    52 |   124 ||   176
       Skin              |       |    24 ||    24
       Plate armour      |       |    33 ||    33
Dodge: Dodged            |    25 |    75 ||   100
Block: Shield            |    46 |   187 ||   233
